 Dungeon Crawl Stone Soup version 0.31-a0-1009-g454b1f1e0a (webtiles) character file.

Game seed: 3692032938318118158

103389 Revguard the Dancer (level 15, -9/119 HPs)
             Began as a Demonspawn Gladiator on Nov 16, 2023.
             Was a Follower of Uskayaw.
             Mangled by a spriggan rider
             ... wielding a +0 spear
              (15 damage)
             ... on level 2 of the Swamp.
             The game lasted 01:17:22 (21283 turns).

Revguard the Dancer (Demonspawn Gladiator)         Turns: 21283, Time: 01:17:23

Health: -9/119     AC: 19    Str: 17    XL:     15   Next: 88%
Magic:  25/25      EV: 23    Int: 13    God:    Uskayaw [*.....]
Gold:   2297       SH:  4    Dex: 30    Spells: 14/14 levels left

rFire   + . .        h - +8 scimitar "Luem" {venom, rF+ Int+4}
rCold   . . .        (no shield)
rNeg    . . .        B - +3 steam dragon scales
rPois   .            (helmet restricted)
rElec   +            p - scarf {+Inv}
rCorr   .            t - +2 pair of gloves {hurl}
SInv    +            e - +0 pair of boots
Will    +....        x - amulet of the Present {RegenMP Harm rElec Regen+}
Stlth   ++++++++     l - ring of see invisible
HPRegen 1.99/turn    r - +6 ring of dexterity
MPRegen 0.59/turn

%: harm (+30% outgoing, +20% incoming)
@: no status effects
A: antennae 2, thin skeletal structure 2, icemail 1, powered by death 1,
condensation shield, talons 1, regeneration 1
a: Renounce Religion, Evoke Invisibility, Stomp


You were on level 2 of the Swamp.
You worshipped Uskayaw.
Uskayaw was pleased with you.
You visited 5 branches of the dungeon, and saw 25 of its levels.
You also visited: Gauntlet and Ice Cave.

You collected 2653 gold pieces.
You spent 356 gold pieces at shops.

Inventory:

Hand Weapons
 h - the +8 scimitar "Luem" (weapon) {venom, rF+ Int+4}
   (You acquired it on level 3 of the Dungeon)

   Int+4:     It affects your intelligence (+4).
   rF+:       It protects you from fire.
 k - a +3 scimitar of flaming
 D - the +6 rapier of Yshuoliwe {spect, rCorr Int+3}
   (You took it off an orc on level 9 of the Dungeon)

   Int+3:     It affects your intelligence (+3).
   rCorr:     It protects you from acid and corrosion.
Missiles
 m - 12 curare-tipped darts
 P - 12 silver javelins
 U - 3 throwing nets
Armour
 e - a +0 pair of boots (worn)
 p - a scarf of invisibility (worn)
 t - a +2 pair of gloves of hurling (worn)
 B - +3 steam dragon scales (worn)
 W - a scarf of resistance
Jewellery
 b - an amulet of regeneration
 l - a ring of see invisible (left hand)
 r - a +6 ring of dexterity (right hand)
 x - the amulet of the Present (around neck) {RegenMP Harm rElec Regen+}
   (You found it in an ice cave)

   [amulet of magic regeneration]

   RegenMP:   It increases your rate of magic regeneration.
   rElec:     It insulates you from electricity.
   Regen+:    It increases your rate of health regeneration.
   Harm:      It increases damage dealt and taken.
Wands
 n - a wand of flame (30) (quivered)
 q - a wand of iceblast (18)
 C - a wand of digging (7)
 L - a wand of paralysis (5)
 N - a wand of mindburst (3)
Scrolls
 f - 6 scrolls of teleportation
 u - 3 scrolls of silence
 w - a scroll of enchant armour
 y - 6 scrolls of fear
 z - 3 scrolls of noise
 E - 4 scrolls of identify
 F - 4 scrolls of fog
 H - 3 scrolls of amnesia
 K - 2 scrolls of poison
 R - a scroll of vulnerability
 S - a scroll of brand weapon
Potions
 a - 5 potions of enlightenment
 c - 6 potions of haste
 d - a potion of might
 i - 6 potions of magic
 j - 12 potions of curing
 o - 6 potions of brilliance
 s - 3 potions of lignification
 v - 5 potions of resistance
 A - 2 potions of invisibility
 J - 2 potions of mutation
 Q - 2 potions of attraction
 T - 2 potions of berserk rage
Miscellaneous
 I - a sack of spiders
 O - a phial of floods
 Y - a phantom mirror


   Skills:
 + Level 11.4 Fighting
 + Level 4.2(7.5) Short Blades
 - Level 9.7(10.1) Long Blades
 - Level 1.7 Throwing
 + Level 10.0 Armour
 + Level 10.4 Dodging
 * Level 12.7 Stealth
 + Level 13.8 Invocations
 + Level 10.7 Evocations


You had 14 spell levels left.
You didn't know any spells.
Your spell library contained the following spells:

 Spells                   Type           Power      Damage    Failure   Level
 Necrotise                Necr           0%         1d4       30%         1
 Shock                    Conj/Air       0%         1d3       30%         1
 Sting                    Tmut/Pois      0%         1d3       30%         1
 Blink                    Tloc           0%         N/A       43%         2
 Lesser Beckoning         Tloc           0%         N/A       43%         2
 Momentum Strike          Conj/Tloc      0%         3d8       43%         2
 Poisonous Vapours        Pois/Air       0%         N/A       43%         2
 Scorch                   Fire           0%         2d5       43%         2
 Searing Ray              Conj           0%         2d4       43%         2
 Static Discharge         Conj/Air       0%         3-3/arc   43%         2
 Inner Flame              Hex/Fire       0%         N/A       67%         3
 Ozocubu's Armour         Ice            0%         N/A       67%         3
 Swiftness                Air            0%         N/A       67%         3
 Vampiric Draining        Necr           0%         2d6       67%         3
 Airstrike                Air            0%         2d(0-16)  97%         4
 Animate Dead             Necr           0%         N/A       97%         4
 Fulminant Prism          Conj/Hex       0%         3d5       97%         4
 Manifold Assault         Tloc           0%         N/A       97%         4
 Olgreb's Toxic Radiance  Pois           0%         N/A       97%         4
 Summon Ice Beast         Ice/Summ       0%         N/A       97%         4
 Agony                    Necr           0%         N/A       100%        5
 Borgnjor's Vile Clutch   Necr/Erth      0%         N/A       100%        5
 Metabolic Englaciation   Hex/Ice        0%         N/A       100%        5
 Summon Mana Viper        Hex/Summ       0%         N/A       100%        5
 Yara's Violent Unravell  Hex/Tmut       0%         3d3       100%        5
 Death Channel            Necr           0%         N/A       100%        6
 Dispersal                Tloc           0%         N/A       100%        6
 Simulacrum               Ice/Necr       0%         N/A       100%        6
 Enfeeble                 Hex            0%         N/A       100%        7
 Haunt                    Necr/Summ      0%         N/A       100%        7
 Monstrous Menagerie      Summ           0%         N/A       100%        7
 Disjunction              Tloc           0%         N/A       100%        8
 Infestation              Necr           0%         N/A       100%        8


Dungeon Overview and Level Annotations

Branches:
Dungeon (15/15)            Temple (1/1) D:6            Lair (5/5) D:10
  Swamp (2/4) Lair:3        Snake (0/4) Lair:2        Slime (0/5) Lair:5
    Orc (2/2) D:12            Elf (0/3) Orc:2        Vaults (0/5) D:14
 Depths (0/4) D:15          IceCv (visited)         Gauntlet (visited)

Altars:
Ashenzari
Cheibriados
Dithmenos
Fedhas
Gozag
Hepliaklqana
Kikubaaqudgha
Makhleb
Nemelex Xobeh
Okawaru
Qazlal
Ru
Sif Muna
Trog
Uskayaw
Vehumet
Wu Jian
Xom
Yredelemnul
Jiyva

Shops:
D:3 *   D:7 !   Orc:2 =(((


Innate Abilities, Weirdness & Mutations

You have a pair of antennae on your head.
You have a moderately thin skeletal structure. (Dex +4, Stealth++)
A meltable icy envelope protects you from harm. (AC +4)
You regenerate a little health from kills.
A meltable shield of frost defends you. (SH +4)
You have sharp toenails.
Your natural rate of healing is unusually fast.


Message History

The spriggan rider misses you.
You enter the shallow water.
Moving in this stuff is going to be slow.
The spriggan rider barely misses you.
The spriggan rider shouts!
You slash the fenstrider witch!
The fenstrider witch is moderately wounded.
The fenstrider witch hits you but does no damage.
The fenstrider witch misses you. The spriggan rider misses you.
The fenstrider witch hits you but does no damage.
The fenstrider witch kicks you but does no damage.
The fenstrider witch casts a spell at you.
The toxic sludge misses you.
The spriggan rider hits you with a +0 spear! x2
The fenstrider witch hits you. The fenstrider witch misses you.
The spriggan rider misses you. You block the spriggan rider's attack.
You miss the fenstrider witch.
The fenstrider witch is moderately wounded.
The fenstrider witch gestures at you while chanting.
Your body is wracked with pain!
The spriggan rider hits you with a +0 spear!
* * * LOW HITPOINT WARNING * * *
The spriggan rider completely misses you.
Press: ? - help, v - describe, . - travel A toxic bog, summoned.
Okay, then.
You feel much better. The fenstrider witch hits you.
The fenstrider witch kicks you.
The spriggan rider hits you with a +0 spear!!
* * * LOW HITPOINT WARNING * * *
You block the spriggan rider's attack.
Okay, then.
You feel much better.
The fenstrider witch points at you and mumbles some strange words.
Your body is wracked with pain!
* * * LOW HITPOINT WARNING * * *
The spriggan rider hits you with a +0 spear!
* * * LOW HITPOINT WARNING * * *
The spriggan rider hits you with a +0 spear!
You die...

♣ ♣. ♣.. ♣♣ ♣~~.♣~♣♣
~♣~.~~i.♣♣♣♣
~....~i@§♣.♣♣♣♣♣♣♣ ♣♣♣
...~...H~.~.♣...~♣♣♣♣♣~♣
.......~.~.~.~~~......~~
♣......^~.~~..~~~....~~~
.~.~~~.....~~~.~......~~
.~.....~~....~...~~.~~~.
....##.##.##..~~.~~.~~.~
~~..................♣~.♣
.~.#.#..#.#.♣.~~~~.♣♣♣~


You could see a fenstrider witch and 2 spriggan riders.

Vanquished Creatures
  Jorgrun (Orc:1)
  A fenstrider witch (Swamp:1)
  An azure jelly (IceCv)
  3 quicksilver oozes (IceCv)
  An ironbound thunderhulk (D:14)
  The ghost of Tinttamiau the Skirmisher, a journeyman GnHu of Lugonu (Lair:3)
  A minotaur (Gauntlet)
  8 hydras
  A vault guard (D:14)
  4 centaur warriors
  2 ghost crabs (Lair:3)
  3 alligators (Swamp:1)
  Erolcha (Orc:1)
  7 boulder beetles
  A merfolk avatar (Lair:5)
  A catoblepas (Lair:1)
  3 death yaks (D:10)
  An anaconda (shapeshifter) (D:15)
  A two-headed ogre (D:12)
  3 tengu warriors
  3 orc high priests (Orc:2)
  Sonja (Orc:2)
  4 spriggans
  A sea snake (Lair:5)
  5 skysharks (Lair:5)
  3 goliath frogs
  A spectral hydra (Lair:3)
  4 bog bodies
  The ghost of dertzug the Ruffian, a novice TrSh (D:7)
  A harpy (Lair:5)
  2 arcanists
  6 orc knights (Orc:2)
  2 deep elf pyromancers
  A lindwurm (D:8)
  An oklob plant (Lair:3)
  A wolf spider (D:15)
  4 cyclopes
  3 orc sorcerers (Orc:2)
  A salamander (shapeshifter) (D:13)
  A salamander (D:15)
  A spectral boulder beetle (Lair:3)
  A will-o-the-wisp (Swamp:1)
  3 manticores
  An elephant (shapeshifter) (D:13)
  14 elephants
  3 black mambas
  7 ugly things
  An ice statue (IceCv)
  A moth of wrath (shapeshifter) (D:15)
  The ghost of farilari the Shooter, a novice SpHu of Qazlal (D:6)
  15 cane toads
  A torpor snail (Lair:3)
  Jeremiah (Lair:1)
  A rime drake (shapeshifter) (D:14)
  2 efreet
  3 rime drakes (Lair:4)
  A minotaur zombie (Gauntlet)
  11 komodo dragons
  2 polar bears (Lair:5)
  6 trolls
  5 tyrant leeches
  10 hornets
  9 blink frogs
  A snapping turtle (Lair:5)
  17 slime creatures
  A jumping spider (D:8)
  Sigmund (D:3)
  A spectral black mamba (Lair:3)
  4 vampires
  23 yaks
  2 wraiths
  2 humans (D:14)
  3 wyverns
  4 steam dragons
  2 fire elementals (Gauntlet)
  3 basilisks
  A redback (D:8)
  14 vampire mosquitoes
  2 spectral cane toads (Lair:3)
  2 wargs
  6 swamp worms
  2 nagas (Lair:2)
  19 water moccasins
  An acid dragon (D:11)
  2 great orb of eyes simulacra (IceCv)
  A swamp drake (Swamp:2)
  3 hell hounds (Gauntlet)
  2 ice beasts (D:6)
  A spectral blink frog (Lair:3)
  A hornet zombie (D:6)
  22 orc warriors
  A sky beast (D:7)
  A black bear (shapeshifter) (D:14)
  3 black bears
  4 ogres
  3 boggarts (D:14)
  A centaur (D:6)
  7 slime creature simulacra (IceCv)
  2 kobold brigands
  14 bullfrogs
  4 scorpions
  A glowing shapeshifter simulacrum (IceCv)
  A necrophage (D:6)
  A wyvern zombie (D:6)
  A water moccasin zombie (D:6)
  3 wights (D:6)
  12 killer bees
  2 howler monkeys
  4 electric eels (D:10)
  3 jellies
  A lava snake (D:8)
  2 bullfrog zombies (D:6)
  A human zombie (D:6)
  2 gnoll boudas
  4 hounds
  Crazy Yiuf (D:5)
  20 orc priests
  2 iguanas (D:5)
  28 orc wizards
  2 sleepcaps (D:6)
  2 hell rats (D:10)
  3 shapeshifter simulacra (IceCv)
  2 howler monkey zombies (D:6)
  8 adders
  10 gnolls
  3 river rats (D:10)
  3 white imps
  3 worms (D:3)
  4 dart slugs
  76 orcs
  9 bats
  8 endoplasms
  3 giant cockroaches
  7 goblins
  8 hobgoblins
  7 jackals
  6 quokkas
  3 ball pythons
  A frilled lizard (D:2)
  15 kobolds
  3 rats
  A butterfly (Lair:1)
650 creatures vanquished.

Vanquished Creatures (collateral kills)
  A slime creature (D:13)
  A rakshasa (D:13)
  A hydra (D:13)
  An orc sorcerer (Orc:2)
4 creatures vanquished.

Vanquished Creatures (others)
  2 bloated husks (Swamp:2)
  A slime creature (IceCv)
  A vampire mosquito (Swamp:2)
  2 foxfires (Swamp:1)
  5 spectral weapons
11 creatures vanquished.

Grand Total: 665 creatures vanquished

Notes
Turn   | Place    | Note
-------+----------+-------------------------------------------
     0 | D:1      | Revguard the Demonspawn Gladiator began the quest for the
                  | Orb.
     0 | D:1      | Reached XP level 1. HP: 16/16 MP: 1/1
   145 | D:1      | Gained mutation: You regenerate a little health from kills.
                  | [demonic ancestry]
   145 | D:1      | Reached XP level 2. HP: 19/22 MP: 2/2
   293 | D:1      | Got Wuevom's Codex of Comburant Bombardment
   305 | D:1      | Reached skill level 1 in Invocations
   427 | D:1      | Found a faded altar of an unknown god.
   980 | D:2      | Gained mutation: You have a somewhat thin skeletal
                  | structure. (Dex +2, Stealth+) [demonic ancestry]
   980 | D:2      | Reached XP level 3. HP: 21/28 MP: 3/3
  1071 | D:2      | Reached skill level 1 in Stealth
  1071 | D:2      | Reached skill level 1 in Evocations
  1082 | D:2      | Gained mutation: A meltable shield of frost defends you.
                  | (SH +4) [demonic ancestry]
  1082 | D:2      | Reached XP level 4. HP: 19/34 MP: 5/5
  1226 | D:2      | Reached skill level 1 in Armour
  2121 | D:3      | Noticed Sigmund
  2134 | D:3      | Killed Sigmund
  2135 | D:3      | Reached skill level 2 in Invocations
  2135 | D:3      | Gained mutation: You have a moderately thin skeletal
                  | structure. (Dex +4, Stealth++) [demonic ancestry]
  2135 | D:3      | Reached XP level 5. HP: 41/41 MP: 6/6
  2159 | D:3      | Reached XP level 6. HP: 43/47 MP: 7/7
  2509 | D:3      | Reached skill level 3 in Invocations
  2612 | D:3      | Found Veushrun's General Store.
  2621 | D:3      | Bought a scroll of identify for 26 gold pieces
  2623 | D:3      | Bought 2 potions of curing for 78 gold pieces
  2624 | D:3      | Identified a scroll of acquirement
  2624 | D:3      | Acquired the +8 scimitar "Luem" {venom, rF+ Int+4}
  3197 | D:4      | Reached XP level 7. HP: 39/52 MP: 9/9
  3695 | D:5      | Entered Level 5 of the Dungeon
  3706 | D:5      | Noticed a hornet
  3716 | D:5      | Killed a hornet
  3717 | D:5      | Reached skill level 4 in Invocations
  3747 | D:5      | Reached XP level 8. HP: 28/60 MP: 11/11
  3923 | D:5      | Found a runed translucent door.
  3924 | D:5      | Noticed Crazy Yiuf
  3931 | D:5      | Killed Crazy Yiuf
  4236 | D:5      | Found a sparkling altar of Nemelex Xobeh.
  4246 | D:5      | Found a bloodstained altar of Trog.
  4273 | D:5      | Found an ornate altar of the Wu Jian Council.
  4285 | D:5      | Found an iron altar of Okawaru.
  4647 | D:6      | Reached skill level 5 in Invocations
  4650 | D:6      | Found a staircase to the Ecumenical Temple.
  4670 | Temple   | Entered the Ecumenical Temple
  4729 | Temple   | Became a worshipper of Uskayaw the Reveller
  4823 | D:6      | Reached * piety under Uskayaw
  4826 | D:6      | Reached ** piety under Uskayaw
  4829 | D:6      | Reached *** piety under Uskayaw
  4965 | D:6      | Found a large runed translucent door.
  4965 | D:6      | Found a large runed translucent door.
  4967 | D:6      | Noticed farilari's ghost (novice SpHu)
  4997 | D:6      | Killed farilari's ghost
  4998 | D:6      | Reached skill level 5 in Fighting
  4998 | D:6      | Reached skill level 5 in Long Blades
  4998 | D:6      | Gained mutation: You have a pair of small antennae on your
                  | head. [demonic ancestry]
  4998 | D:6      | Reached XP level 9. HP: 44/68 MP: 13/13
  5204 | D:6      | Reached skill level 5 in Dodging
  5214 | D:6      | Reached **** piety under Uskayaw
  5228 | D:6      | Reached ***** piety under Uskayaw
  5238 | D:6      | Reached skill level 6 in Invocations
  5263 | D:6      | Found an ancient bone altar of Kikubaaqudgha.
  5776 | D:7      | Found Vatemp's Distillery.
  5781 | D:7      | Bought a potion of enlightenment for 70 gold pieces
  5781 | D:7      | Bought a potion of haste for 140 gold pieces
  5781 | D:7      | Bought a potion of attraction for 42 gold pieces
  5845 | D:7      | Reached skill level 5 in Stealth
  5848 | D:7      | Reached skill level 5 in Evocations
  6030 | D:7      | Found a runed translucent gate.
  6035 | D:7      | Found a runed translucent gate.
  6041 | D:7      | Noticed dertzug's ghost (novice TrSh)
  6042 | D:7      | Found a runed translucent gate.
  6301 | D:8      | Reached XP level 10. HP: 76/76 MP: 15/15
  6366 | D:8      | Reached skill level 7 in Invocations
  6395 | D:8      | Found a broken altar of Ashenzari.
  6564 | D:8      | You fall into a shaft and drop 1 floor!
  6564 | D:9      | Identified the "Xuukiamopt"
  6948 | D:9      | Reached skill level 5 in Armour
  7387 | D:9      | Identified the +6 rapier of Yshuoliwe {spect, rCorr Int+3}
  7549 | D:10     | Entered Level 10 of the Dungeon
  7644 | D:7      | Killed dertzug's ghost
  7645 | D:7      | Reached skill level 8 in Invocations
  7765 | D:8      | Found a runed translucent door.
  7780 | D:8      | Identified the +6 whip "Beastbane" {protect, rF+++ Str-4
                  | Int+2 SInv}
  7781 | D:8      | Identified the +0 hat of Tomorrow {Rampage Str-5 Dex+4}
  7784 | D:8      | Found a runed translucent gate.
  7784 | D:8      | Found a runed translucent gate.
  7784 | D:8      | Found a runed translucent gate.
  7784 | D:8      | Found a runed translucent gate.
  7784 | D:8      | Found a runed translucent gate.
  7784 | D:8      | Noticed a boulder beetle
  7784 | D:8      | Noticed a lindwurm
  7785 | D:8      | Found a runed translucent gate.
  7929 | D:8      | Killed a boulder beetle
  7942 | D:8      | Killed a lindwurm
  7943 | D:8      | Gained mutation: You have a pair of antennae on your head.
                  | [demonic ancestry]
  7943 | D:8      | Reached XP level 11. HP: 69/84 MP: 17/17
  8181 | D:10     | Noticed a death yak
  8191 | D:10     | Noticed a death yak
  8193 | D:10     | Noticed a death yak
  8206 | D:10     | Killed a death yak
  8213 | D:10     | Reached ****** piety under Uskayaw
  8214 | D:10     | Killed a death yak
  8222 | D:10     | Killed a death yak
  8249 | D:10     | Found a staircase to the Lair.
  9204 | D:11     | Reached skill level 9 in Invocations
  9761 | D:12     | Noticed a two-headed ogre
  9769 | D:12     | Killed a two-headed ogre
  9808 | D:12     | Found an iron altar of Okawaru.
  9891 | D:12     | Noticed a boulder beetle
  9904 | D:12     | Killed a boulder beetle
 10179 | D:12     | Reached XP level 12. HP: 40/92 MP: 10/19
 10290 | D:12     | Found a staircase to the Orcish Mines.
 10586 | D:13     | Noticed a four-headed hydra
 10627 | D:12     | Killed a four-headed hydra
 10677 | D:13     | Noticed a five-headed hydra
 10677 | D:13     | Noticed a tengu warrior
 10856 | D:13     | Noticed a tengu warrior
 10873 | D:13     | Killed a tengu warrior
 11017 | D:13     | Noticed a rakshasa
 11031 | D:13     | Reached skill level 10 in Invocations
 11032 | D:13     | Killed a five-headed hydra
 11039 | D:13     | Killed a rakshasa
 11712 | D:14     | Noticed a centaur warrior
 11720 | D:14     | Killed a centaur warrior
 11892 | D:14     | Noticed a boulder beetle
 11909 | D:14     | Killed a boulder beetle
 11965 | D:14     | Noticed a centaur warrior
 11967 | D:14     | Noticed a vault guard
 11969 | D:14     | Noticed an ironbound thunderhulk
 11982 | D:14     | Killed a centaur warrior
 12204 | D:14     | Found a gate to the Vaults.
 12216 | D:14     | Gained mutation: You have large cloven feet. [potion of
                  | mutation]
 12216 | D:14     | Gained mutation: You occasionally lose the ability to read
                  | scrolls when taking damage. [potion of mutation]
 12216 | D:14     | Gained mutation: You are dopey. (Int -2) [potion of
                  | mutation]
 12217 | D:14     | Lost mutation: You occasionally lose the ability to read
                  | scrolls when taking damage. [potion of mutation]
 12217 | D:14     | Lost mutation: You have large cloven feet. [potion of
                  | mutation]
 12217 | D:14     | Lost mutation: You are dopey. (Int -2) [potion of mutation]
 12217 | D:14     | Gained mutation: You have sharp toenails. [potion of
                  | mutation]
 12217 | D:14     | Gained mutation: Your natural rate of healing is unusually
                  | fast. [potion of mutation]
 12236 | D:14     | Noticed a centaur warrior
 12245 | D:14     | Killed a centaur warrior
 12246 | D:14     | Gained mutation: A meltable icy envelope protects you from
                  | harm. (AC +4) [demonic ancestry]
 12246 | D:14     | Reached XP level 13. HP: 94/101 MP: 21/21
 12272 | D:14     | Killed an ironbound thunderhulk
 12278 | D:14     | Found a sacrificial altar of Ru.
 12346 | D:14     | Reached skill level 11 in Invocations
 12705 | D:15     | Entered Level 15 of the Dungeon
 12752 | D:15     | Identified the +5 dagger of Ciasasok {venom, *Corrode Fly
                  | Dex+2}
 12960 | D:15     | Found an opulent altar of Gozag.
 13096 | D:15     | Found a staircase to the Depths.
 13553 | Orc:1    | Entered Level 1 of the Orcish Mines
 13639 | Orc:1    | Noticed Erolcha
 13646 | Orc:1    | Killed Erolcha
 13650 | Orc:1    | Noticed Jorgrun
 13676 | Orc:1    | Killed Jorgrun
 14007 | Orc:1    | Found a shimmering blue altar of Sif Muna.
 14068 | Orc:2    | Entered Level 2 of the Orcish Mines
 14068 | Orc:2    | Noticed Sonja
 14068 | Orc:2    | Found a staircase to the Elven Halls.
 14074 | Orc:2    | Killed Sonja
 14258 | Orc:2    | Paralysed by an orc sorcerer for 5 turns
 14260 | Orc:2    | Reached skill level 10 in Stealth
 14260 | Orc:2    | Reached XP level 14. HP: 69/109 MP: 14/22
 14265 | Orc:2    | Reached skill level 12 in Invocations
 14302 | Orc:2    | Reached skill level 10 in Fighting
 14303 | Orc:2    | Found Geskos's Weapon Boutique.
 14303 | Orc:2    | Found Nytaalue's Jewellery Boutique.
 14430 | Orc:2    | Found Idda's Weapon Shoppe.
 14430 | Orc:2    | Found Cupyirit's Weapon Shoppe.
 14611 | Lair:1   | Entered Level 1 of the Lair of Beasts
 14616 | Lair:1   | Found a gate leading to a gauntlet.
 14630 | Gauntlet | Entered a Gauntlet
 14630 | Gauntlet | Found a transporter.
 14630 | Gauntlet | Found a transporter.
 14650 | Gauntlet | Found a transporter.
 14652 | Gauntlet | Found a transporter.
 14662 | Gauntlet | Found a transporter.
 14666 | Gauntlet | Found a transporter.
 14682 | Gauntlet | Found a transporter.
 14693 | Gauntlet | Found a large runed translucent door.
 14694 | Gauntlet | Found a large runed translucent door.
 14695 | Gauntlet | Found a large runed translucent door.
 14695 | Gauntlet | Found a large runed translucent door.
 14696 | Gauntlet | Found a runed translucent gate.
 14697 | Gauntlet | Found a large runed translucent door.
 14697 | Gauntlet | Found a large runed translucent door.
 14697 | Gauntlet | Found a runed translucent door.
 14698 | Gauntlet | Found a large runed translucent door.
 14699 | Gauntlet | Found a large runed translucent door.
 14725 | Gauntlet | Found a transporter.
 14725 | Gauntlet | Found a transporter.
 14763 | Gauntlet | Found a transporter.
 14767 | Gauntlet | Found a transporter.
 14769 | Gauntlet | Found a large runed translucent door.
 14770 | Gauntlet | Found a large runed translucent door.
 14771 | Gauntlet | Found a large runed translucent door.
 14771 | Gauntlet | Found a large runed translucent door.
 14771 | Gauntlet | Found a runed translucent door.
 14772 | Gauntlet | Found a large runed translucent door.
 14773 | Gauntlet | Found a large runed translucent door.
 14774 | Gauntlet | Found a large runed translucent door.
 14774 | Gauntlet | Found a large runed translucent door.
 14775 | Gauntlet | Found a runed translucent gate.
 14775 | Gauntlet | Found a runed translucent gate.
 14777 | Gauntlet | Found a transporter.
 15017 | Gauntlet | Identified the +1 pair of gloves of Wisdom {Fly rF+ Int+4
                  | Dex-5}
 15185 | Lair:1   | Noticed Jeremiah
 15217 | Lair:1   | Killed Jeremiah
 16243 | Lair:2   | Found a staircase to the Snake Pit.
 17084 | Lair:3   | Reached skill level 1 in Short Blades
 17340 | Lair:3   | Found a staircase to the Swamp.
 17426 | Lair:3   | Identified the +0 scale mail of Death's Door {rPois rCorr
                  | Str+4 Stlth-}
 17604 | Lair:3   | Found a runed translucent gate.
 17605 | Lair:3   | Found a runed translucent gate.
 17606 | Lair:3   | Found a runed translucent gate.
 17607 | Lair:3   | Noticed Tinttamiau's ghost (journeyman GnHu)
 17629 | Lair:3   | Killed Tinttamiau's ghost
 17946 | Lair:4   | Found a frozen archway.
 17955 | IceCv    | Entered an ice cave
 18035 | IceCv    | Identified the amulet of the Present {RegenMP Harm rElec
                  | Regen+}
 18037 | IceCv    | Identified the +3 ice dragon scales of Rotten Lucidity
                  | {rElec rF- rC++ Will+ Dex+3 Stlth+}
 18150 | IceCv    | Reached skill level 10 in Evocations
 18155 | IceCv    | Noticed a quicksilver ooze
 18167 | IceCv    | Killed a quicksilver ooze
 18168 | IceCv    | Reached XP level 15. HP: 109/111 MP: 24/24
 18209 | IceCv    | Reached skill level 13 in Invocations
 18257 | IceCv    | Found a viscous altar of Jiyva.
 18257 | IceCv    | Noticed an azure jelly
 18265 | IceCv    | Killed an azure jelly
 18316 | IceCv    | Identified the +6 ice dragon scales "Hedeoc" {Drain rF-
                  | rC++ Int+2 Dex+3}
 19252 | Lair:5   | Entered Level 5 of the Lair of Beasts
 19265 | Lair:5   | Found a viscous altar of Jiyva.
 19265 | Lair:5   | Found a staircase to the Slime Pits.
 19272 | Lair:5   | Reached skill level 10 in Dodging
 19591 | Lair:5   | Found the +10 Black Knight's barding {ponderous, rPois rN+}
 19622 | Lair:5   | HP: 5/118 [drowned by a drowned soul[a merfolk avatar]
                  | (13)]
 20308 | Snake:2  | Identified the of Vaet
 20308 | Snake:3  | Identified the of Sink
 20308 | Swamp:1  | Entered Level 1 of the Swamp
 20365 | Swamp:1  | Noticed a fenstrider witch
 20374 | Swamp:1  | Killed a fenstrider witch
 20461 | Swamp:1  | Reached skill level 10 in Armour
 21275 | Swamp:2  | Noticed a fenstrider witch
 21283 | Swamp:2  | Mangled by a spriggan rider

Illustrated notes

Levels and vault maps discovered:
D:1:      sevenhm_arrival_forest_fort_small_5, layout_basic,
          dilly_ecumenical_altar_fadedgnrine
D:2:      layout_basic, basic_altar
D:3:      layout_basic, serial_shops, nicolae_shop_tiny_statue_garden,
          minmay_misc_feat_five, dreamdust_wishing_well, minmay_misc_feat_x,
          uniq_sigmund
D:4:      layout_loops_cross
D:5:      layout_rooms, nicolae_overflow_quartered_altars,
          uniq_crazy_yiuf_cottage
D:6:      layout_rooms, lemuel_mausoleum_altar_kikubaaqudgha,
          minmay_temple_entry_tees, ebering_ghost_disaster_area,
          minmay_gold_behind_fungi, hangedman_abyss_or_decor_stagger,
          minmay_puff
D:7:      layout_rooms, serial_shops, nicolae_shop_hallway_stairs,
          biasface_ghost_orc_armoury
D:8:      gammafunk_indiana_jones, layout_loops_ring,
          nicolae_ashenzari_skybound, grunt_ministairs_9
D:9:      layout_rooms
D:10:     layout_rooms, dpeg_lair_monsters, serial_bayou, serial_bayou_pond_b,
          serial_bayou_pond_c, serial_bayou_ford_a, serial_bayou_lagoon_b
D:11:     layout_roguey
D:12:     layout_cave_pools, hiddenorc1_lemuel, kennysheep_okawaru_gauntlet
D:13:     layout_loops_ring
D:14:     layout_loops_ring, hellmonk_vaults_keyhole, grunt_decor_clamped,
          nicolae_ru_awakened_eye
D:15:     hangedman_depths_entry_try_elsewhere_first, layout_loops_ring,
          nicolae_gozag_cash_rules_everything_around_me, kennysheep_four_rooms
Temple:   regret_index_temple_sphere_string
Lair:1:   layout_small_grid, gauntlet_entry_generic, grunt_megastairs_1,
          lemuel_fruit_fields, lemuel_fruit_fields, uniq_jeremiah
Lair:2:   layout_cave_pods, guppyfry_snake_entry_island
Lair:3:   layout_hall_layers, nicolae_swamp_entry_spooky,
          ebering_ghost_rock_garden
Lair:4:   layout_cave_pods, portal_ice_cave_rime
Lair:5:   gammafunk_lair_ancient_temple, layout_gridlike, slime_entry_1,
          serial_bayou_pond_b
Swamp:1:  layout_basic_swamp, evilmike_swamp_ruin_house_1,
          infiniplex_staircase_pool_2
Swamp:2:  layout_basic_swamp, hangedman_swamp_ruin_hall,
          nicolae_swamp_tree_isthmus
Orc:1:    layout_caves, kennysheep_orc_sif_temple, uniq_jorgrun, uniq_erolcha
Orc:2:    st_orc_elflike, layout_caves, dreamdust_deal_with_the_devil,
          uniq_sonja

Skill      XL: |  1  2  3  4  5  6  7  8  9 10 11 12 13 14 15 |
---------------+----------------------------------------------+-----
Invocations    | 1 2 3 4 5 6 8 9 10 11 12 13 | 13.8
Long Blades    | 3 4 5 6 7 8 9 |  9.7
Stealth        | 1 2 3 4 5 6 7 8 10 11 12 | 12.7
Evocations     | 1 2 3 4 5 6 7 8 9 10 | 10.7
Dodging        | 3 4 5 6 7 8 9 10 | 10.4
Armour         | 1 2 3 4 5 6 7 8 9 10 | 10.0
Fighting       | 3 4 5 7 8 9 10 11 | 11.4
Short Blades   | 2 4 |  4.2
Throwing       | |  1.7

Action                     |  1- 3 |  4- 6 |  7- 9 | 10-12 | 13-15 || total
---------------------------+-------+-------+-------+-------+-------++-------
  Melee: Long sword        |    79 |   111 |       |       |       ||   190
         Punch             |     1 |     1 |     1 |    13 |    19 ||    35
         Scimitar          |       |    32 |   232 |   428 |   599 ||  1291
         Rapier            |       |       |       |    12 |   266 ||   278
         Kick              |       |       |       |     4 |   362 ||   366
  Throw: Throwing net      |       |     1 |     2 |     1 |       ||     4
         Dart              |       |     1 |       |     2 |       ||     3
 Invoke: Stomp             |       |       |       |    12 |     6 ||    18
         Line Pass         |       |       |       |     1 |     2 ||     3
         Grand Finale      |       |       |       |       |     1 ||     1
Ability: Evoke Invisibilit |       |       |       |       |     1 ||     1
  Evoke: Wand              |       |       |     2 |     9 |    33 ||    44
         Sack of spiders   |       |       |       |     1 |     1 ||     2
    Use: Scroll            |     1 |     7 |     4 |    14 |    11 ||    37
         Potion            |       |     3 |     1 |     7 |     7 ||    18
   Stab: Sleeping          |     2 |     7 |    17 |    21 |    55 ||   102
         Held in net/web   |       |     2 |       |     2 |       ||     4
         Distracted        |       |       |     1 |     2 |     8 ||    11
         Paralysed         |       |       |     1 |    31 |    63 ||    95
         Invisible         |       |       |       |     5 |     4 ||     9
         Confused          |       |       |       |       |     1 ||     1
 Armour: Leather armour    |    40 |       |       |       |       ||    40
         Scale mail        |    33 |    98 |   173 |       |       ||   304
         Steam dragon scal |       |       |     4 |   311 |   529 ||   844
  Dodge: Dodged            |    56 |    65 |   122 |   446 |   881 ||  1570
  Block: Other             |       |    21 |    52 |    79 |   151 ||   303

Table legend: (Time is in decaauts)
 A = Elapsed time spent in this place.
 B = Non-inter-level travel time spent in this place.
 C = Inter-level travel time spent in this place.
 D = Time resting spent in this place.
 E = Time spent auto-exploring this place.
 F = Levels seen in this place.
 G = Mean time per level.
                   A        B        C        D        E       F      G
               +--------+--------+--------+--------+--------+-----+--------+
         Total |  21519 |  20500 |   1019 |    935 |  13630 |  27 |  797.0 |
       Dungeon |  13671 |  12930 |    741 |    808 |   8908 |  15 |  911.4 |
        Temple |     84 |     59 |     25 |      0 |      0 |   1 |   84.0 |
          Lair |   4770 |   4588 |    182 |     58 |   3167 |   5 |  954.0 |
         Swamp |   1072 |   1067 |      5 |     36 |    682 |   2 |  536.0 |
  Orcish Mines |    996 |    931 |     65 |      0 |    655 |   2 |  498.0 |
      Ice Cave |    464 |    464 |      0 |     33 |     84 |   1 |  464.0 |
      Gauntlet |    459 |    459 |      0 |      0 |    132 |   1 |  459.0 |
               +--------+--------+--------+--------+--------+-----+--------+

Top non-repeatable levels by time:
     D:2: 1256 daAuts
    D:14: 1178 daAuts
     D:8: 1080 daAuts
  Lair:5: 1040 daAuts
     D:6: 1035 daAuts
    D:13: 1006 daAuts
    D:10: 990 daAuts
  Lair:1: 982 daAuts
  Lair:3: 960 daAuts
  Lair:4: 906 daAuts
     D:1: 887 daAuts
  Lair:2: 880 daAuts
     D:3: 880 daAuts
    D:12: 848 daAuts
    D:11: 803 daAuts
